 Dungeon Crawl Stone Soup version 0.25-a0-578-gc91f01c39c (webtiles) character file.

Game seed: 7870592704431050316, levelgen mode: deterministic

1636 ReteAZ the Fighter (level 8, 0/74 HPs)
             Began as a Purple Draconian Monk on Mar 7, 2020.
             Slain by a wraith (7 damage)
             ... in an ossuary.
             The game lasted 00:16:12 (6078 turns).

ReteAZ the Fighter (Purple Draconian Monk)          Turns: 6078, Time: 00:16:13

Health: 0/74       AC:  8    Str: 14    XL:     8   Next: 66%
Magic:  6/12       EV: 14    Int: 10    God:
Gold:   47         SH:  0    Dex: 16    Spells: 9/12 levels left

rFire    . . .     SeeInvis .     - Unarmed
rCold    . . .     Gourm    +   (no shield)
rNeg     . . .     Faith    .   (armour unavailable)
rPois    .         Spirit   .   (helmet restricted)
rElec    .         Reflect  .   b - +1 cloak
rCorr    +         Harm     .   (no gloves)
MR       +....                  (no boots)
Stlth    ++........             C - amulet of the gourmand
HPRegen  0.22/turn              s - ring of resist corrosion
MPRegen  0.13/turn              (no ring)

@: confusing touch, very slightly contaminated, slowed, very slow
A: breathe power, unfitting armour, cold-blooded, AC +6
a: Breathe Dispelling Energy


You were in an ossuary.
You were full.

You visited 1 branch of the dungeon, and saw 6 of its levels.
You also visited: Ossuary.

You collected 357 gold pieces.
You spent 310 gold pieces at shops.

Inventory:

Hand Weapons
 c - a +3 whip of venom
Missiles
 t - 6 atropa-tipped darts
 D - 8 poisoned darts (quivered)
Armour
 b - a +1 cloak (worn)
 n - a scarf of cloud immunity
Magical Staves
 F - an uncursed staff of conjuration {unknown}
Jewellery
 s - a ring of resist corrosion (left hand)
 A - an uncursed ring of ice
 C - an amulet of the gourmand (around neck)
 E - an uncursed ring of ice
Wands
 l - a wand of flame (8)
Scrolls
 f - a scroll of blinking
 g - a scroll of fog
 h - a scroll of enchant weapon
 j - 6 scrolls of teleportation
 o - 4 scrolls of remove curse
 p - 2 scrolls of identify
 B - 2 scrolls of magic mapping
Potions
 d - a potion of magic
 e - a potion of stabbing {unknown}
 i - a potion of cancellation
 k - 4 potions of might
 q - a potion of resistance {unknown}
 r - a potion of haste
 v - a potion of lignification {unknown}
 x - a potion of invisibility {unknown}
 z - a potion of flight {unknown}
 G - a potion of curing
Comestibles
 a - 7 rations


   Skills:
 - Level 8.0 Fighting
 + Level 4.3 Dodging
 - Level 2.0 Stealth
 + Level 7.3 Unarmed Combat
 + Level 2.8 Spellcasting
 + Level 2.9 Hexes


You had 9 spell levels left.
You knew the following spells:

 Your Spells              Type           Power        Failure   Level  Hunger
a - Confusing Touch       Hex            #.......     26%         3    ####...

Your spell library contained the following spells:

 Spells                   Type           Power        Failure   Level  Hunger
 Gell's Gravitas          Tloc           #.........   65%         3    ####...
 Petrify                  Tmut/Erth      #.......     96%         4    #####..
 Metabolic Englaciation   Hex/Ice        #.........   99%         5    ######.
 Yara's Violent Unravell  Hex/Tmut       #.........   99%         5    ######.


Dungeon Overview and Level Annotations

Branches:
Dungeon (6/15)             Temple (0/1) D:6         Ossuary (1/1)

Altars:
Ashenzari
Dithmenos
Hepliaklqana
Ru
Xom
Yredelemnul

Shops:
D:4 :   D:6 *

Annotations:
D:3 exclusion: downstairs


Innate Abilities, Weirdness & Mutations

You can breathe bolts of dispelling energy.
Your rich purple scales are hard. (AC +6)
You cannot fit into any form of body armour.
You are cold-blooded and may be slowed by cold attacks.


Message History

Strange energies run through your body. The wraith hits you!
The wraith drains your vigour!
You feel as though you will be slow longer.
Casting: Confusing Touch (safe; 26% risk of failure)
Confirm with . or Enter, or press ? or * to list all spells.
Your hands begin to glow red.
The wraith hits you but does no damage. The wraith hits you!
* * * LOW HITPOINT WARNING * * *
The wraith drains your vigour!
You feel as though you will be slow longer.
You hit the wraith but do no damage.
Your tail-slap misses the wraith.
The wraith is moderately damaged.
The wraith hits you!
* * * LOW HITPOINT WARNING * * *
The wraith drains your vigour!
You feel as though you will be slow longer.
You hit the wraith but do no damage.
The wraith is moderately damaged.
The wraith hits you!
You die...

##..###.# ### #######
........# #z# #.....#
!?..###.###▓#####.8.8.#
!? #z#.'.....'.......'
!?..###.###▓#####.8.8.#
........# #W# #.....#
##..###.# ### ####### #
#W#.# #@.# .........#
##########


You could see a wraith.

Vanquished Creatures
  Sigmund (D:2)
  A wraith (Ossuary)
  Duvessa (D:4)
  2 ice beasts
  2 ogres (D:4)
  Blork the orc (D:4)
  Dowan (D:4)
  A howler monkey (D:4)
  2 wights (Ossuary)
  2 crimson imps
  A centaur skeleton (D:6)
  3 hounds
  Ijyb (D:4)
  5 worker ants
  Natasha (thrice) (D:2)
  Robin (D:4)
  A mummy (D:6)
  3 gnolls (D:4)
  A howler monkey skeleton (D:5)
  7 adders
  An ooze (D:1)
  An adder skeleton (D:4)
  2 adder zombies (Ossuary)
  A worm (D:3)
  5 dart slugs
  2 leopard geckos
  2 orcs
  A ball python (D:4)
  5 giant cockroaches
  12 goblins
  12 hobgoblins
  9 jackals
  5 quokkas
  4 bats
  4 frilled lizards
  2 hobgoblin skeletons (Ossuary)
  8 kobolds
  A kobold zombie (Ossuary)
  An orc skeleton (Ossuary)
  An orc zombie (Ossuary)
  4 rats
123 creatures vanquished.

Notes
Turn   | Place    | Note
-------+----------+-------------------------------------------
     0 | D:1      | ReteAZ the Draconian Monk began the quest for the Orb.
     0 | D:1      | Reached XP level 1. HP: 19/19 MP: 1/1
   462 | D:1      | Reached XP level 2. HP: 26/26 MP: 2/2
  1095 | D:2      | Reached XP level 3. HP: 33/33 MP: 3/3
  1164 | D:2      | Found a shattered altar of Ashenzari.
  1250 | D:2      | Noticed Natasha
  1255 | D:2      | Killed Natasha
  1255 | D:2      | Reached skill level 4 in Fighting
  1278 | D:2      | Reached XP level 4. HP: 32/40 MP: 4/4
  1446 | D:2      | Noticed Sigmund
  1456 | D:2      | Killed Sigmund
  1456 | D:2      | Reached skill level 5 in Fighting
  1456 | D:2      | Reached XP level 5. HP: 33/48 MP: 5/5
  1717 | D:2      | Reached skill level 5 in Unarmed Combat
  2084 | D:2      | Noticed Natasha
  2093 | D:2      | Killed Natasha
  2093 | D:2      | Reached XP level 6. HP: 44/56 MP: 6/6
  2159 | D:2      | Noticed Natasha
  2167 | D:2      | Killed Natasha
  2550 | D:3      | Found a shimmering altar of Xom.
  2551 | D:3      | Found a hazy altar of Hepliaklqana.
  2551 | D:3      | Noticed a wyvern
  2552 | D:3      | Noticed a wyvern
  2552 | D:3      | Noticed a spectral ugly thing
  2699 | D:3      | Noticed an ice beast
  2708 | D:3      | Killed an ice beast
  2708 | D:3      | Reached skill level 6 in Fighting
  3073 | D:4      | Found a shadowy altar of Dithmenos.
  3156 | D:4      | Found a basalt altar of Yredelemnul.
  3186 | D:4      | Noticed Dowan
  3277 | D:4      | Your scales start taking on a rich purple colour.
  3277 | D:4      | Reached XP level 7. HP: 44/64 MP: 7/7
  3376 | D:4      | Noticed Ijyb
  3378 | D:4      | Paralysed by Ijyb for 4 turns
  3394 | D:4      | Killed Ijyb
  3408 | D:4      | Found Fuot's Book Shop.
  3570 | D:4      | Noticed Blork the orc
  3579 | D:4      | Killed Blork the orc
  3579 | D:4      | Reached skill level 7 in Fighting
  3690 | D:4      | HP: 2/66 [ogre/+0 giant spiked club (25)]
  4343 | D:4      | Noticed Robin
  4354 | D:4      | Killed Robin
  4576 | D:4      | Bought a book of Misfortune for 220 gold pieces
  4580 | D:4      | Learned a level 3 spell: Confusing Touch
  4657 | D:4      | Noticed Duvessa
  4680 | D:4      | Killed Duvessa
  4697 | D:4      | HP: 2/66 [Dowan/puff of flame (3)]
  4713 | D:4      | Killed Dowan
  4713 | D:4      | Reached skill level 1 in Spellcasting
  4713 | D:4      | Reached skill level 1 in Hexes
  4713 | D:4      | Reached XP level 8. HP: 24/73 MP: 9/9
  5063 | D:5      | Entered Level 5 of the Dungeon
  5458 | D:5      | Found a sacrificial altar of Ru.
  5653 | D:6      | Found Coyjusm's Assorted Antiques.
  5660 | D:6      | Bought a small tourmaline ring for 90 gold pieces
  5682 | D:6      | Found a sand-covered staircase.
  5693 | Ossuary  | Entered an ossuary
  5806 | Ossuary  | Noticed a flying skull
  5885 | Ossuary  | Noticed a flying skull
  5888 | Ossuary  | Noticed a flying skull
  5907 | Ossuary  | Reached skill level 8 in Fighting
  6078 | Ossuary  | Slain by a wraith

Levels and vault maps discovered:
D:1:      scummos_arrival_checkerplants, layout_basic, minivault_14
D:2:      layout_basic, old_standard_altar, uniq_sigmund, uniq_natasha
D:3:      layout_loops_ring, regret_index_temple_of_mockery
D:4:      layout_gridville, overflow_temple_1_default, serial_shops,
          shop_statue, nicolae_dithmenos_through_a_glass_darkly, uniq_ijyb,
          uniq_robin, uniq_duvessa, uniq_blork_the_orc
D:5:      layout_cave_pools, nicolae_ru_path_of_blood, first_ration
D:6:      layout_loops_ring, minmay_temple_entry_waves,
          gup_ossuary_entry_pyramid, serial_shops, kennysheep_little_box
Ossuary:  ossuary_due_cavern

Skill      XL: |  1  2  3  4  5  6  7  8 |
---------------+-------------------------+-----
Stealth        | 2 |  2.0
Dodging        | 3 4 |  4.3
Fighting       | 4 5 6 7 8 |  8.0
Unarmed Combat | 4 5 6 7 |  7.3
Spellcasting   | 1 2 |  2.8
Hexes          | 1 2 |  2.9

Action                   |  1- 3 |  4- 6 |  7- 9 || total
-------------------------+-------+-------+-------++-------
Melee: Unarmed           |    30 |       |    22 ||    52
       Tailslap          |     3 |    16 |    38 ||    57
       Whip              |    46 |   126 |   212 ||   384
       Punch             |     1 |     3 |    15 ||    19
 Cast: Confusing Touch   |       |       |     1 ||     1
 Abil: Breathe Dispellin |       |       |     1 ||     1
Evoke: Wand              |       |       |     1 ||     1
  Use: Potion            |       |       |     7 ||     7
       Scroll            |       |       |    13 ||    13
 Stab: Sleeping          |     2 |    10 |     6 ||    18
       Paralysed         |       |       |     3 ||     3
  Eat: Chunk             |     1 |     6 |    17 ||    24
Armor: Skin              |    23 |    35 |    63 ||   121
Dodge: Dodged            |    61 |   118 |   141 ||   320

Table legend:
 A = Non-vault XP
 B = Vault XP
 C = Vault XP percentage of total XP
 D = Non-vault monster count
 E = Vault monster count
 F = Vault count percentage of total count
                 A         B        C        D         E       F
            +---------+---------+-------+---------+---------+-------
      Total |    1331 |    1007 |  43.1 |      94 |      29 |  23.6
            +---------+---------+-------+---------+---------+-------
        D:1 |      40 |       0 |   0.0 |      20 |       0 |   0.0
        D:2 |     149 |     259 |  63.5 |      22 |       2 |   8.3
        D:3 |     257 |       0 |   0.0 |      22 |       0 |   0.0
        D:4 |     397 |     396 |  49.9 |      15 |      16 |  51.6
        D:5 |     228 |       0 |   0.0 |      10 |       0 |   0.0
        D:6 |     260 |      16 |   5.8 |       5 |       1 |  16.7
    Ossuary |       0 |     336 | 100.0 |       0 |      10 | 100.0
            +---------+---------+-------+---------+---------+-------
